 Dungeon Crawl Stone Soup version 0.16.1-51-g6203257 (webtiles) character file.

260 Jb9000 the Skirmisher (level 6, -7/38 HPs)
             Began as a Gargoyle Fighter on July 23, 2015.
             Was an Initiate of Makhleb.
             Killed by nerve-wracking pain
             ... invoked by Grinder
              (14 damage)
             ... on level 3 of the Dungeon.
             The game lasted 00:09:22 (2280 turns).

Jb9000 the Skirmisher (Gargoyle Fighter)            Turns: 2280, Time: 00:09:23

Health: -7/38      AC: 11    Str: 20    XL:     6   Next: 17%
Magic:  8/8        EV:  8    Int:  9    God:    Makhleb [......]
Gold:   68         SH:  9    Dex: 10    Spells: 0 memorised, 7 levels left

rFire  . . .     SeeInvis .     m - +2 spear (venom)
rCold  . . .     Clarity  .     b - +0 scale mail
rNeg   + . .     SustAb   .     c - +0 shield
rPois  ∞         Gourm    .     (helmet restricted)
rElec  +         Spirit   .     (no cloak)
rCorr  .         Warding  .     (no gloves)
rMut   .         Stasis   .     (no boots)
MR     .....                    (no amulet)
Stlth  ..........               (no ring)
                                (no ring)

@: very slightly contaminated, invisible (expiring), not resistant to hostile
enchantments, extremely unstealthy
A: antennae 1, deterioration 1, negative energy resistance 1, screaming 1,
electricity resistance, unbreathing, petrification resistance, rot immunity, AC
+4
a: Renounce Religion


You were on level 3 of the Dungeon.
You worshipped Makhleb.
Makhleb was noncommittal.
You were not hungry.

You visited 1 branch of the dungeon, and saw 3 of its levels.

You collected 68 gold pieces.

Inventory:

Hand weapons
 a - a +0 war axe
 f - a +2 dagger of chaos
 m - a +2 spear of venom (weapon)
Missiles
 n - 18 arrows
 q - 7 poisoned needles
 s - 13 bolts
Armour
 b - a +0 scale mail (worn)
 c - a +0 shield (worn)
 h - a cursed +0 ring mail
Magical devices
 y - a wand of digging (11)
Scrolls
 g - 3 scrolls of teleportation {unknown}
 i - 4 scrolls of amnesia {unknown}
 k - a scroll of remove curse {unknown}
 u - a scroll of noise {unknown}
 A - a scroll of immolation {unknown}
Potions
 e - a potion of might
 o - a potion of agility {unknown}
 x - a potion of brilliance {unknown}
 z - a potion of restore abilities {unknown}
Comestibles
 d - 2 bread rations
 p - a beef jerky
 v - 3 chunks of flesh


   Skills:
 + Level 4.1 Fighting
 - Level 2.1(2.7) Axes
 * Level 2.4(2.9) Polearms
 + Level 4.0 Armour
 + Level 1.2 Dodging
 + Level 1.9 Stealth
 + Level 4.1 Shields
 + Level 1.0 Spellcasting


You had 7 spell levels left.
You didn't know any spells.

Dungeon Overview and Level Annotations

Branches:
Dungeon (3/15)

Altars:
Makhleb
Xom

Annotations:
D:3 Grinder


Innate Abilities, Weirdness & Mutations

You are resistant to torment.
You are immune to poison.
Your stone body is very resilient (AC +4).
You resist negative energy.
You are resistant to electric shocks.
You can survive without breathing.
You are immune to petrification.
You are immune to rotting.
You have a pair of small antennae on your head.
Your body is slowly deteriorating.
You occasionally shout uncontrollably at your foes.


Message History

You hit Grinder.
Grinder is severely wounded.
Your shield and scale mail prevent you from hitting Grinder.
Grinder is severely wounded.
You block Grinder's attack.
You barely miss Grinder.
Grinder is severely wounded.
You block Grinder's attack.
Your shield and scale mail prevent you from hitting Grinder.
Grinder is severely wounded.
You flicker for a moment.
Grinder gestures at you. Pain shoots through your body!
* * * LOW HITPOINT WARNING * * *
You hit Grinder but do no damage.
Grinder is severely wounded.
You block Grinder's attack. Grinder gestures at you.
Pain shoots through your body!
You die...

..........# #.........
...........# #.........
............# ##########
............#
............#
.............# ##########
.............###........#
#########.).............#
#.@5####...[....# #...#
#####.#### #...########.#
#..........#.#
#..........#.# ####
#>.........#.###...
#..........#.......
#..........#.......
##.........#.......


You could see Grinder.

Vanquished Creatures
  A crimson imp (D:3)
  An orc priest (D:3)
  An orc wizard (D:3)
  Jessica (D:3)
  7 adders
  A gnoll (D:1)
  A worm (D:3)
  A giant gecko (D:2)
  8 orcs (D:3)
  7 bats
  A giant cockroach (D:1)
  8 goblins
  6 hobgoblins
  6 kobolds
  A quokka (D:3)
  6 giant newts
  4 jackals (D:2)
  2 rats (D:2)
63 creatures vanquished.

Notes
Turn   | Place    | Note
--------------------------------------------------------------
     0 | D:1      | Jb9000, the Gargoyle Fighter, began the quest for the Orb.
     0 | D:1      | Reached XP level 1. HP: 14/14 MP: 1/1
   106 | D:1      | Reached XP level 2. HP: 19/19 MP: 2/2
   416 | D:1      | Reached XP level 3. HP: 18/23 MP: 3/3
   826 | D:2      | Reached skill level 1 in Polearms
   826 | D:2      | Reached XP level 4. HP: 25/29 MP: 4/4
  1572 | D:3      | Noticed Jessica
  1641 | D:3      | Reached skill level 4 in Fighting
  1641 | D:3      | Reached XP level 5. HP: 22/33 MP: 5/5
  1651 | D:3      | Reached skill level 1 in Stealth
  1735 | D:3      | Killed Jessica
  1826 | D:3      | Found a burning altar of Makhleb.
  1826 | D:3      | Found a shimmering altar of Xom.
  1838 | D:3      | Reached skill level 1 in Dodging
  1838 | D:3      | Reached skill level 1 in Spellcasting
  1874 | D:3      | Became a worshipper of Makhleb the Destroyer
  1985 | D:3      | Reached XP level 6. HP: 34/38 MP: 8/8
  2182 | D:3      | Noticed Grinder
  2186 | D:3      | Paralysed by Grinder for 2 turns
  2202 | D:3      | Paralysed by Grinder for 7 turns
  2223 | D:3      | Paralysed by Grinder for 7 turns
  2236 | D:3      | Paralysed by Grinder for 3 turns
  2265 | D:3      | Gained mutation: You have a pair of small antennae on your head. [potion of mutation]
  2265 | D:3      | Gained mutation: You occasionally shout uncontrollably at your foes. [potion of mutation]
  2265 | D:3      | Gained mutation: Your body is slowly deteriorating. [potion of mutation]
  2280 | D:3      | Killed from afar by Grinder

Action                   |  1- 3 |  4- 6 || total
-------------------------+-------+-------++-------
Melee: War axe           |    27 |       ||    27
       Spear             |    44 |   189 ||   233
  Use: Potion            |       |     5 ||     5
       Scroll            |       |     1 ||     1
  Eat: Chunk             |       |     4 ||     4
       Fruit             |       |     2 ||     2
